 Dungeon Crawl Stone Soup version 0.27-a0-661-gca034ae587 (webtiles) character file.

Game seed: 2410401478842028725

65 Jerej03 the Magician (level 3, -2/19 HPs)
             Began as a Deep Elf Hedge Wizard on Mar 17, 2021.
             Slain by Natasha (4 damage)
             ... on level 2 of the Dungeon.
             The game lasted 00:04:49 (1729 turns).

Jerej03 the Magician (Deep Elf Hedge Wizard)        Turns: 1729, Time: 00:04:49

Health: -2/19      AC:  3    Str:  7    XL:     3   Next: 94%
Magic:  1/12       EV: 12    Int: 19    God:
Gold:   171        SH:  0    Dex: 14    Spells: 13/14 levels left

rFire    . . .     SeeInvis .   i - +0 dagger (venom)
rCold    . . .     Faith    .   (no shield)
rNeg     . . .     Spirit   .   b - +0 robe
rPois    .         Reflect  .   c - +0 hat
rElec    .         Harm     .   (no cloak)
rCorr    .         Rampage  .   l - +0 pair of gloves
Will     +....                  (no boots)
Stlth    ++........             (no amulet)
HPRegen  0.06/turn              o - +4 ring of slaying
MPRegen  0.13/turn              n - ring of willpower

@: no status effects
A: no striking features
a: no special abilities


You were on level 2 of the Dungeon.
You visited 1 branch of the dungeon, and saw 2 of its levels.

You collected 171 gold pieces.

Inventory:

Hand Weapons
 a - a +0 dagger
 i - a +0 dagger of venom (weapon)
Armour
 b - a +0 robe (worn)
 c - a +0 hat (worn)
 l - a +0 pair of gloves (worn)
Jewellery
 n - a ring of willpower (left hand)
 o - a +4 ring of slaying (right hand)
Scrolls
 f - a scroll of immolation {unknown}
 g - a scroll of teleportation {unknown}
 j - 2 scrolls of identify {unknown}
 k - a scroll of magic mapping {unknown}
Potions
 d - a potion of attraction {unknown}
 e - a potion of flight {unknown}
 h - 2 potions of curing
 m - a potion of haste {unknown}


   Skills:
 + Level 2.6 Dodging
 * Level 3.1 Stealth
 + Level 6.1 Spellcasting
 + Level 1.5 Conjurations
 + Level 1.1 Summonings
 + Level 1.1 Translocations


You had 13 spell levels left.
You knew the following spells:

 Your Spells              Type           Power      Damage    Failure   Level
a - Magic Dart            Conj           44%        1d5       6%          1

Your spell library contained the following spells:

 Spells                   Type           Power      Damage    Failure   Level
 Blink                    Tloc           N/A        N/A       11%         2
 Call Imp                 Summ           10%        N/A       11%         2
 Slow                     Hex            5%         N/A       17%         2
 Conjure Flame            Conj/Fire      8%         6-21      24%         3
 Mephitic Cloud           Conj/Pois/Air  7%         N/A       26%         3


Dungeon Overview and Level Annotations

Branches:
Dungeon (2/15)

Altars:

Annotations:
D:2 Natasha


Message History

You kill the kobold!
The magic dart hits the leopard gecko.
The leopard gecko is almost dead.
Your magical contamination has completely faded away.
The magic dart hits the leopard gecko.
You kill the leopard gecko!
Natasha, Servant of Life and Death comes into view.
The magic dart hits Natasha.
Natasha is lightly wounded.
The magic dart hits Natasha.
Natasha is lightly wounded.
Natasha stares at you and mumbles some strange words.
You resist with almost no effort.
The magic dart hits Natasha.
Natasha is moderately wounded.
The magic dart hits Natasha.
Natasha is heavily wounded.
The magic dart hits Natasha but does no damage.
Natasha is heavily wounded.
Natasha casts a spell.
The magic dart hits Natasha.
Natasha is severely wounded.
The magic dart hits Natasha.
Natasha is almost dead.
Natasha casts a spell at you. The magic dart hits you.
Natasha casts a spell at you. The magic dart hits you.
You barely miss Natasha.
Natasha is almost dead.
Natasha drinks a potion.
Natasha is healed!
You closely miss Natasha.
Natasha is moderately wounded.
Natasha claws you.
* * * LOW HITPOINT WARNING * * *
Natasha claws you but does no damage.
You hit Natasha but do no damage.
Natasha is poisoned.
Natasha is lightly wounded.
Natasha claws you.
You die...

..##..#.....#.....
..####....#.....###†
.......#......## #.
####.....##.### #.
#.......##..# ####.
...##.......## #.... ##. #
##.##....# #....
#....#####..###...####....
#..)...5h@.## ##..##......
..†..####### #.....#....
.## ###....##...)
#######...........(
##.......##.###...>.
..........#.###.....
#########...........
###...##.... ###..##...


You could see Natasha (very poisoned) and a white imp (summoned).

Vanquished Creatures
  Jessica (D:2)
  2 oozes (D:1)
  A worm (D:2)
  A dart slug (D:1)
  3 leopard geckos
  2 giant cockroaches (D:1)
  A hobgoblin (D:1)
  3 jackals (D:1)
  A ball python (D:2)
  A bat (D:1)
  2 frilled lizards (D:1)
  3 goblins
  3 kobolds
  2 rats (D:1)
26 creatures vanquished.

Notes
Turn   | Place    | Note
-------+----------+-------------------------------------------
     0 | D:1      | Jerej03 the Deep Elf Hedge Wizard began the quest for the
                  | Orb.
     0 | D:1      | Reached XP level 1. HP: 10/10 MP: 7/7
   388 | D:1      | Reached skill level 5 in Spellcasting
   388 | D:1      | Reached XP level 2. HP: 8/15 MP: 2/10
  1040 | D:1      | Reached XP level 3. HP: 19/19 MP: 10/12
  1255 | D:2      | Noticed Jessica
  1266 | D:2      | Killed Jessica
  1431 | D:2      | Reached skill level 6 in Spellcasting
  1715 | D:2      | Noticed Natasha
  1729 | D:2      | Slain by Natasha

Illustrated notes

Levels and vault maps discovered:
D:1:      ncdulo_lavacross, layout_rooms
D:2:      layout_rooms, grunt_decor_mini_mirrors, uniq_jessica, uniq_natasha

Skill      XL: |  1  2  3 |
---------------+----------+-----
Spellcasting   | 5 6 |  6.1
Stealth        | 3 |  3.1
Dodging        | |  2.6
Conjurations   | |  1.5
Summonings     | |  1.1
Translocations | |  1.1

Action                   || total
-------------------------++-------
Melee: Dagger            ||     6
 Cast: Magic Dart        ||    96
Armor: Robe              ||     2
Dodge: Dodged            ||     9

Table legend: (Time is in decaauts)
 A = Elapsed time spent in this place.
 B = Non-inter-level travel time spent in this place.
 C = Inter-level travel time spent in this place.
 D = Time resting spent in this place.
 E = Time spent auto-exploring this place.
 F = Levels seen in this place.
 G = Mean time per level.
                   A        B        C        D        E       F      G
               +--------+--------+--------+--------+--------+-----+--------+
         Total |   1727 |   1701 |     26 |    397 |   1120 |   2 |  863.5 |
       Dungeon |   1727 |   1701 |     26 |    397 |   1120 |   2 |  863.5 |
               +--------+--------+--------+--------+--------+-----+--------+

Top non-repeatable levels by time:
     D:1: 1180 daAuts
     D:2: 546 daAuts
